 Dungeon Crawl Stone Soup version 0.30.0-5-g1a98f26d00 (webtiles) character file.

Game seed: 3290493003584408339

604062 Mahakala the Conqueror (level 26, -10/266 HPs)
             Began as a Minotaur Berserker on May 10, 2023.
             Was the Champion of Trog.
             Killed from afar by an ancient lich (50 damage)
             ... with a bolt of acid
             ... on level 5 of the Realm of Zot.
             The game lasted 05:02:26 (66170 turns).

Mahakala the Conqueror (Minotaur Berserker)        Turns: 66170, Time: 05:02:27

Health: -10/266    AC: 43    Str: 40    XL:     26   Next: 5%
Magic:  7/7        EV: 29    Int:  6    God:    Trog [******]
Gold:   6241       SH:  0    Dex: 21    Spells: 25/25 levels left

rFire   + + .        a - +8 executioner's axe "Inaiclal" {antimagic, Stlth+}
rCold   + + .        (shield currently unavailable)
rNeg    . . .        G - +7 gold dragon scales
rPois   +            g - +0 hat of Terrible Birdsong {-Cast Contam rElec Str+8}
rElec   +            t - scarf {rC+ rF+}
rCorr   .            F - +0 pair of gloves {Dex+3}
SInv    +            X - +1 pair of boots
Will    ++...        W - amulet "Rataudut" {Acrobat Regen+ Dex+8} Stlth
                     Z - ring "Penoshri" {rC- Will+ AC+4 SInv}
HPRegen 1.44/turn    M - ring of Roifam {+Blink rC+ EV+5}
MPRegen 0.10/turn

%: no spellcasting, acrobat, clarity
@: studying 2 skills
A: horns 2, retaliatory headbutt, clarity, wild magic 1
}: 4/15 runes: decaying, serpentine, slimy, silver
a: Renounce Religion, Evoke Blink, Berserk, Trog's Hand, Brothers in Arms


You were on level 5 of the Realm of Zot.
You worshipped Trog.
Trog was exalted by your worship.
You visited 11 branches of the dungeon, and saw 53 of its levels.
You visited the Abyss 1 time.
You also visited: Ossuary and Ice Cave.

You collected 8629 gold pieces.
You spent 2388 gold pieces at shops.

Inventory:

Hand Weapons
 a - the +8 executioner's axe "Inaiclal" (weapon) {antimagic, Stlth+}
   (Trog gifted it to you on level 4 of the Depths)

   Stlth:     It makes you more stealthy.
 b - a +7 heavy executioner's axe
Missiles
 i - 80 poisoned darts
 n - 9 silver javelins
 p - 15 curare-tipped darts {!f}
 z - 6 atropa-tipped darts {!f}
 B - 36 boomerangs (quivered)
 I - 6 datura-tipped darts {!f}
 K - 3 throwing nets {!f}
 U - 6 javelins
Armour
 g - the +0 hat of Terrible Birdsong (worn) {-Cast Contam rElec Str+8}
   (You found it on level 4 of the Swamp)

   Str:       It affects your strength (+8).
   rElec:     It insulates you from electricity.
   -Cast:     It prevents spellcasting.
   Contam:    It causes magical contamination when unequipped.
 s - the scarf "Buleg" {repulsion, MP-9 Str+7}
   (You found it on level 3 of the Elven Halls)

   Str:       It affects your strength (+7).
   MP:        It affects your magic capacity (-9).
 t - a scarf of resistance (worn)
 F - a +0 pair of gloves of dexterity (worn)
 G - +7 gold dragon scales (worn)
 X - a +1 pair of boots (worn)
Jewellery
 H - the ring "Yxeditar" {Fire rElec rCorr}
   (You bought it in a shop on level 3 of the Snake Pit)

   [ring of fire]

   It enhances your fire magic.
   rF:        It protects you from fire.
   rC:        It makes you vulnerable to cold.
   rElec:     It insulates you from electricity.
   rCorr:     It protects you from acid and corrosion.
 M - the ring of Roifam (right hand) {+Blink rC+ EV+5}
   (You took it off a deep elf zephyrmancer on level 3 of the Elven Halls)

   [ring of evasion]

   EV:        It affects your evasion (+5).
   rC:        It protects you from cold.
   +Blink:    It lets you blink.
 P - a ring of willpower
 R - the amulet "Gohirorae" {Spirit rC++ Will+ Dex+6}
   (You took it off a deep elf elementalist on level 3 of the Elven Halls)

   [amulet of guardian spirit]

   It causes incoming damage to be divided between your reserves of health and
   magic.
   Dex:       It affects your dexterity (+6).
   rC:        It greatly protects you from cold.
   Will:      It increases your willpower.
 W - the amulet "Rataudut" (around neck) {Acrobat Regen+ Dex+8}
   (You found it in an ice cave)

   [amulet of the acrobat]

   It increases your evasion while moving and waiting.
   Dex:       It affects your dexterity (+8).
   Regen:     It increases your rate of health regeneration.
 Z - the ring "Penoshri" (left hand) {rC- Will+ AC+4 SInv}
   (You found it on level 5 of the Pits of Slime)

   [ring of protection]

   AC:        It affects your AC (+4).
   rC:        It makes you vulnerable to cold.
   SInv:      It lets you see invisible.
   Will:      It increases your willpower.
Wands
 e - a wand of polymorph (33)
 o - a wand of roots (61)
 u - a wand of paralysis (48)
 v - a wand of digging (11)
 E - a wand of quicksilver (41)
 S - a wand of mindburst (53)
Scrolls
 c - 12 scrolls of fear
 d - 3 scrolls of butterflies
 f - 7 scrolls of blinking
 j - 28 scrolls of teleportation {@r4}
 l - 8 scrolls of fog
 w - a scroll of magic mapping
 y - 7 scrolls of vulnerability {!r}
 D - 4 scrolls of poison {!r}
 J - 3 scrolls of immolation {!r}
 L - 4 scrolls of silence
Potions
 h - 19 potions of flight
 k - 8 potions of cancellation
 m - 14 potions of mutation {!q}
 q - 10 potions of haste {@q3}
 r - 6 potions of resistance
 x - 10 potions of heal wounds {@q2}
 A - 5 potions of ambrosia
 C - 4 potions of might
 N - 2 potions of magic
 Q - 8 potions of attraction {!q}
 T - 3 potions of invisibility
 V - 20 potions of curing {@q1}


   Skills:
 O Level 27 Fighting
 - Level 25.0 Axes
 - Level 12.0 Throwing
 O Level 27 Armour
 - Level 24.0 Dodging
 + Level 15.3 Evocations


You had 25 spell levels left.
You didn't know any spells.
Your spell library was empty.

Dungeon Overview and Level Annotations

Branches:
Dungeon (15/15)            Temple (1/1) D:6            Lair (5/5) D:8
  Swamp (4/4) Lair:2        Snake (4/4) Lair:2        Slime (5/5) Lair:5
    Orc (2/2) D:11            Elf (3/3) Orc:2        Vaults (5/5) D:14
  Crypt (0/3) Vaults:3     Depths (4/4) D:15            Zot (5/5) Depths:4
Ossuary (visited)           IceCv (visited)

Altars:
Ashenzari
Cheibriados
Dithmenos
Elyvilon
Fedhas
Gozag
Hepliaklqana
Kikubaaqudgha
Makhleb
Nemelex Xobeh
Okawaru
Qazlal
Ru
Sif Muna
Trog
Uskayaw
Vehumet
Wu Jian
Xom
Yredelemnul
Zin
The Shining One
Jiyva
Lugonu

Shops:
D:3 ?   D:11 ?   D:13 :   Orc:1 *[(**   Orc:2 :(?*   Elf:1 !   Elf:3 [
Snake:1 ?=:=?([   Snake:3 :=(=   Vaults:1 =(   Vaults:2 [   Vaults:3 *
Vaults:4 ((!   Zot:5 *

Portals:
Hell: Depths:1 Depths:2 Depths:3 Depths:4
Abyss: Depths:3
Pandemonium: Depths:2
Ziggurat: Depths:4

Annotations:
D:3 3 runed translucent doors, Rexy's ghost, amateur OpFi
D:11 1 runed translucent door
Lair:1 exclusion: downstairs
Snake:1 3 runed translucent doors, relicbr's ghost, adept SpDe
Elf:1 3 runed translucent doors, Inken's ghost, journeyman GnFi
Elf:2 3 runed translucent doors
Vaults:1 3 runed translucent doors, ProzacElf's ghost, adept DsRe
Depths:2 exclusion: 2 doors
Zot:2 2 transporters, Lightli's ghost, veteran TrCK
Zot:4 2 transporters, exclusion: obsidian statue


Innate Abilities, Weirdness & Mutations

You have a pair of horns on your head.
You reflexively headbutt those who attack you in melee.
You possess an exceptional clarity of mind.
Your spells are a little harder to cast, but a little more powerful.


Message History

You slice the Orb Guardian like a ripe choko!!!
You kill the Orb Guardian!
Trog accepts your kill.
A curse toe comes into view.
The curse toe calls on the powers of darkness!
Your body is wracked with pain!
An ancient lich comes into view.
The ancient lich moves out of view.
You slash the curse toe!
The curse toe is lightly damaged.
An Orb Guardian comes into view.
The curse toe calls on the powers of darkness!
Your body is wracked with pain!
* * * LOW HITPOINT WARNING * * *
The Orb Guardian convulses! x2
You slash the curse toe! You headbutt the curse toe.
The curse toe is moderately damaged.
An Orb Guardian comes into view.
You slice the curse toe!! You headbutt the curse toe.
The curse toe is heavily damaged.
You slash the ancient lich! The ancient lich barely misses you.
The Orb Guardian fails to trigger a net trap.
The curse toe calls on the powers of darkness!
The Orb Guardian convulses! x2; Your body is wracked with pain!
* * * LOW HITPOINT WARNING * * *
The Orb Guardian convulses!
You feel magic leave you.
a - the +8 executioner's axe "Inaiclal" (weapon)
{antimagic, Stlth+} The ancient lich gestures wildly while chanting.
The ancient lich flickers and vanishes for a moment.
You hear a loud "Zot"!
You slice the curse toe!!
The curse toe's magic leaks into the air.
You headbutt the curse toe!
The curse toe is almost destroyed.
You hit the ancient lich but do no damage.
You hit the Orb Guardian but do no damage.
The ancient lich casts a spell at you. The bolt of acid hits you!!!
You die...

............##....## ##..
..)..^.....)†)..### *##
..)##▓▓▓▓▓▓▓▓▓▓▓# *
...^...^....▓▓▓▓
...........^...▓## **
.................## **,
..................# ********* *,,
..................▓**,,,,,,,***,,
.....^.........X@.▓*,,,,,,,,,**,,
...............^Lz▓○,,,^,,,,,,*,,
................X.X^.,^,,,,,,,,,,
.........^........▓....,,,,,,,*,,
.........^........▓▓....,,,,,**,,
........^.........▓*▓...,^,,***,,
.................^▓ *▓▓▓***** *,,
.................▓▓ **,
...............*** **


You could see an ancient lich (invisible), a curse toe (magic disrupted) and 3
Orb Guardians.

Vanquished Creatures
  the Royal Jelly (Slime:5)
  2 dread liches
  3 orbs of fire
  Mennas (Vaults:3)
  2 ancient liches
  Mara (Vaults:5)
  A juggernaut (Depths:4)
  Frederick (Vaults:5)
  Bai Suzhen (Vaults:5)
  the Lernaean hydra (Swamp:4)
  Vashnia (Snake:4)
  Xtahua (Vaults:3)
  3 Killer Klowns
  2 curse toes
  2 caustic shrikes (Depths:3)
  7 golden dragons
  A bone dragon (Depths:4)
  A profane servitor (Abyss:2)
  3 electric golems
  Jorgrun (D:15)
  26 tentacled monstrosities
  12 Orb Guardians (Zot:5)
  4 liches
  4 quicksilver dragons
  2 deep elf blademasters (Elf:3)
  4 titans (Vaults:5)
  13 acid blobs
  A deep elf master archer (Elf:3)
  9 death cobs
  3 sphinxes
  3 tentacled starspawn (Abyss:2)
  4 tengu reavers
  16 storm dragons
  A revenant (Vaults:1)
  4 shadow dragons (Vaults:5)
  Donald (Orc:2)
  6 nagarajas
  5 draconian monks
  A fenstrider witch (Swamp:2)
  12 azure jellies
  8 frost giants
  4 draconian knights
  A balrug (Depths:1)
  14 rockslimes
  An iron dragon (Depths:4)
  2 draconian scorchers
  6 deep elf sorcerers
  8 fire giants
  13 vault wardens
  A ghost moth (Zot:3)
  3 draconian stormcallers
  4 deep elf elementalists (Elf:3)
  The ghost of suduhmizer the Covert, a journeyman GnDe of Hepliaklqana (Swamp:1)
  2 spriggan defenders
  5 draconian shifters
  21 ironbound preservers
  4 draconian annihilators
  2 orc warlords (Vaults:2)
  2 ghouls (Swamp:3)
  37 very ugly things
  3 war gargoyles
  18 stone giants
  9 ironbound thunderhulks
  16 quicksilver oozes
  4 green draconians
  6 deep elf demonologists
  4 vampire knights (Depths:3)
  3 bunyips
  9 deep elf annihilators
  3 eleionomae
  8 red draconians
  9 black draconians
  14 purple draconians
  9 white draconians
  11 dire elephants
  11 yellow draconians
  7 deep elf death magi
  3 eidola (Vaults:1)
  8 ettins
  An entropy weaver (Vaults:1)
  19 yaktaur captains
  14 great orbs of eyes
  Fannar (D:10)
  A spriggan zombie (Abyss:2)
  8 fire dragons
  A great orb of eyes (shapeshifter) (Depths:3)
  5 deep elf high priests
  2 rakshasas
  Erolcha (D:12)
  2 shambling mangroves
  A peacekeeper (Vaults:4)
  34 vault guards
  9 ice dragons
  A hell beast (Depths:2)
  25 hydras
  An anaconda (shapeshifter) (Depths:3)
  2 salamander tyrants (Snake:4)
  7 ogre magi
  8 boulder beetles
  13 ironbound frosthearts
  3 spriggan air magi
  8 anacondas
  8 naga warriors
  4 deep troll shamans
  23 two-headed ogres
  10 centaur warriors
  3 tengu warriors
  10 alligators
  18 naga sharpshooters
  21 dancing weapons
  A vampire mage (Depths:1)
  11 death yaks
  2 spriggan berserkers
  12 deep troll earth magi
  3 orc high priests
  Nergalle (D:11)
  14 shock serpents
  5 iron trolls
  2 wretched stars (Abyss:2)
  2 shadow wraiths
  A sun demon (Depths:1)
  9 deep elf knights
  12 skeletal warriors
  A skyshark (Lair:2)
  A salamander mystic (Depths:1)
  8 hell knights
  6 sea snakes
  4 goliath frogs
  6 spriggan druids
  51 deep trolls
  A death drake (shapeshifter) (Vaults:5)
  13 bog bodies
  8 glowing orange brains
  A large abomination (Abyss:2)
  13 deep elf archers
  2 naga ritualists
  4 flayed ghosts
  12 lindwurms
  A shadow dragon zombie (Depths:2)
  11 wizards
  A lindwurm (shapeshifter) (Vaults:5)
  9 orc knights
  A glowing orange brain (shapeshifter) (Depths:4)
  5 necromancers
  14 swamp dragons
  7 mana vipers (Snake:2)
  3 harpies (Vaults:5)
  29 ironbound convokers
  3 phantasmal warriors (Vaults:5)
  42 deep elf pyromancers
  24 deep elf zephyrmancers
  9 shining eyes
  3 will-o-the-wisps
  A mana viper (shapeshifter) (Vaults:5)
  A frost giant zombie (Depths:2)
  5 orc sorcerers
  5 manticores
  3 tengu skeletons
  11 salamanders
  8 cyclopes
  A shining eye (shapeshifter) (Vaults:5)
  33 ugly things
  25 moths of wrath
  42 black mambas
  A sphinx skeleton (Vaults:3)
  2 worldbinders (Abyss:2)
  A stone giant skeleton (Vaults:3)
  10 naga magi
  3 gargoyles
  2 eyes of devastation
  19 vault sentinels
  An apocalypse crab (Abyss:2)
  9 guardian serpents
  An ice statue (IceCv)
  6 cane toads
  3 smoke demons
  A torpor snail (Lair:4)
  8 rime drakes
  An efreet (D:14)
  7 kobold demonologists
  3 elf skeletons (Vaults:3)
  9 komodo dragons
  25 yaktaurs
  5 freezing wraiths
  8 tengu conjurers
  3 ice devils
  3 human skeletons (Vaults:3)
  A troll (shapeshifter) (Depths:4)
  3 meliai (D:14)
  A bloated husk (Swamp:2)
  22 polar bears
  12 trolls
  A red devil (Depths:2)
  A hornet (shapeshifter) (Depths:2)
  20 hornets
  2 dream sheep (Lair:5)
  A snapping turtle (shapeshifter) (Vaults:5)
  8 tyrant leeches
  11 blink frogs
  97 slime creatures
  2 ettin skeletons (Vaults:3)
  3 air elementals
  4 fire elementals
  A shadow (D:9)
  8 wyverns
  A dire elephant simulacrum (Lair:4)
  31 spriggans
  5 vampires
  15 water elementals
  94 yaks
  A basilisk (shapeshifter) (D:14)
  12 basilisks
  2 neqoxecs
  2 steam dragons (D:8)
  15 vampire mosquitoes
  17 swamp worms
  8 wargs
  22 nagas
  An acid dragon (D:11)
  A floating eye (shapeshifter) (Vaults:5)
  A floating eye (Depths:3)
  14 water moccasins
  A glowing shapeshifter skeleton (Depths:2)
  4 sky beasts
  Duvessa (D:5)
  A meliai simulacrum (D:14)
  5 black bears
  16 orc warriors
  8 swamp drakes
  3 ice beasts
  41 ogres
  5 boggarts
  41 wolves
  17 centaurs
  A phantom (D:5)
  10 kobold brigands
  4 earth elementals
  6 small abominations (Abyss:2)
  A necrophage (Swamp:3)
  11 bullfrogs
  A cane toad simulacrum (Lair:4)
  A wight (D:9)
  Dowan (D:5)
  13 killer bees
  14 electric eels
  5 howler monkeys
  A centaur zombie (Ossuary)
  A human zombie (Ossuary)
  2 hounds (D:5)
  A sleepcap (D:8)
  2 jellies (Lair:5)
  15 orc priests
  Crazy Yiuf (D:3)
  4 iguanas (D:5)
  Terence (D:3)
  21 orc wizards
  6 hell rats (Lair:3)
  A troll simulacrum (Lair:4)
  3 mummies
  Robin (D:3)
  15 gnolls
  6 adders
  3 naga simulacra (Lair:4)
  A white imp (D:7)
  2 adder zombies (Ossuary)
  5 worms
  A dart slug (D:5)
  69 orcs
  5 endoplasms
  3 giant cockroaches
  7 hobgoblins
  3 jackals (D:2)
  A quokka (D:1)
  8 ball pythons
  4 bats (D:3)
  2 frilled lizards
  24 goblins
  A goblin zombie (Ossuary)
  12 hobgoblin zombies (Ossuary)
  2 jackal zombies (Ossuary)
  21 kobolds
  7 kobold zombies (Ossuary)
  11 orc zombies (Ossuary)
  4 rats
  A butterfly (Lair:5)
  A spectral weapon (Depths:4)
  2 starspawn tentacles (Abyss:2)
2291 creatures vanquished.

Vanquished Creatures (collateral kills)
  A tengu reaver (D:13)
  Aizul (Snake:3)
  A fire dragon (Lair:1)
  A spriggan (Swamp:4)
  A mana viper (Snake:3)
  A salamander (Snake:3)
  A slime creature (D:15)
  A tengu conjurer (D:15)
  A hornet (Swamp:4)
9 creatures vanquished.

Vanquished Creatures (others)
  A deep elf high priest (Elf:3)
  A centaur warrior (D:14)
  A deep elf zephyrmancer (Elf:1)
  A cyclops (D:14)
  A bloated husk (Swamp:3)
  A ynoxinul (Abyss:2)
  An orc warrior (Elf:2)
  An orc (Vaults:5)
  A quokka (D:10)
  26 foxfires
  A spectral weapon (Swamp:1)
  2 starspawn tentacles (Abyss:2)
38 creatures vanquished.

Grand Total: 2338 creatures vanquished

Notes
Turn   | Place    | Note
-------+----------+-------------------------------------------
     0 | D:1      | Mahakala the Minotaur Berserker began the quest for the
                  | Orb.
     0 | D:1      | Reached XP level 1. HP: 19/19 MP: 0/0
   362 | D:1      | Found a faded altar of an unknown god.
   406 | D:1      | Reached XP level 2. HP: 25/27 MP: 1/1
  1059 | D:2      | Reached XP level 3. HP: 28/33 MP: 2/2
  1209 | D:2      | Reached skill level 5 in Axes
  1272 | D:2      | Reached XP level 4. HP: 28/41 MP: 3/3
  1465 | D:2      | Identified the +0 plate armour of Zusiru {rElec rF- Str+5
                  | SInv}
  1718 | D:3      | Noticed Robin
  1758 | D:3      | Noticed Terence
  1770 | D:3      | Killed Terence
  1812 | D:3      | Reached XP level 5. HP: 47/47 MP: 4/4
  1821 | D:3      | Killed Robin
  1875 | D:3      | Reached ** piety under Trog
  2071 | D:3      | Found a runed translucent gate.
  2071 | D:3      | Found a runed translucent gate.
  2071 | D:3      | Found a runed translucent gate.
  2073 | D:3      | Noticed Rexy's ghost (amateur OpFi)
  2136 | D:3      | Found an iron altar of Okawaru.
  2182 | D:3      | Found Pibbam's Magic Scroll Shop.
  2216 | D:3      | Bought a scroll of teleportation for 39 gold pieces
  2387 | D:3      | Found a runed translucent door.
  2388 | D:3      | Noticed Crazy Yiuf
  2537 | D:3      | Killed Crazy Yiuf
  2791 | D:4      | Reached XP level 6. HP: 40/55 MP: 5/5
  2830 | D:4      | Found a sand-covered staircase.
  2842 | Ossuary  | Entered an ossuary
  2906 | Ossuary  | Reached *** piety under Trog
  3162 | D:4      | Identified 2 scrolls of acquirement
  3162 | D:4      | Acquired 850 gold pieces
  3306 | D:4      | Found a sacrificial altar of Ru.
  3311 | D:4      | Found a stormy altar of Qazlal.
  3408 | D:4      | Noticed a water moccasin
  3416 | D:4      | Killed a water moccasin
  3417 | D:4      | Reached skill level 5 in Armour
  3417 | D:4      | Reached XP level 7. HP: 60/60 MP: 6/6
  4346 | D:5      | Entered Level 5 of the Dungeon
  4346 | D:5      | Noticed Dowan
  4348 | D:5      | Noticed Duvessa
  4356 | D:5      | Killed Dowan
  4362 | D:5      | Killed Duvessa
  4640 | D:5      | Reached **** piety under Trog
  4767 | D:5      | Found a basalt altar of Yredelemnul.
  4815 | D:5      | Acquired the +0 hat of the Wasteland {rC+}
  4927 | D:5      | Reached XP level 8. HP: 67/67 MP: 7/7
  4939 | D:5      | Reached skill level 10 in Axes
  5765 | D:6      | Reached XP level 9. HP: 73/73 MP: 8/8
  6085 | D:6      | Found a staircase to the Ecumenical Temple.
  6397 | Temple   | Entered the Ecumenical Temple
  6568 | D:7      | Reached skill level 5 in Fighting
  6624 | D:7      | Found a blossoming altar of Fedhas.
  7539 | D:8      | Reached skill level 15 in Axes
  7760 | D:8      | Found an opulent altar of Gozag.
  7946 | D:8      | Reached XP level 10. HP: 61/86 MP: 9/9
  8547 | D:8      | Found a staircase to the Lair.
  8726 | Lair:1   | Entered Level 1 of the Lair of Beasts
  8866 | Lair:1   | Reached skill level 1 in Throwing
  9358 | Lair:1   | Noticed a cane toad
  9613 | Lair:1   | Killed a cane toad
  9616 | Lair:1   | Noticed a fire dragon
  9625 | Lair:1   | Killed a fire dragon
  9808 | Lair:2   | Noticed a five-headed hydra
  9938 | Lair:2   | Reached XP level 11. HP: 44/94 MP: 10/10
 10753 | Lair:2   | Reached skill level 5 in Throwing
 11057 | Lair:2   | Found a staircase to the Snake Pit.
 11750 | Lair:2   | Killed a nine-headed hydra
 11876 | Lair:1   | HP: 4/94 [poisoned by a black mamba]
 12474 | Lair:2   | Noticed a five-headed hydra
 12489 | Lair:2   | Killed a ten-headed hydra
 12864 | Lair:2   | Found a staircase to the Swamp.
 13083 | Lair:3   | Noticed a death yak
 13083 | Lair:3   | Noticed a death yak
 13083 | Lair:3   | Noticed a death yak
 13083 | Lair:3   | Noticed a death yak
 13091 | Lair:2   | Killed a death yak
 13100 | Lair:2   | Noticed an eight-headed hydra
 13149 | Lair:2   | Killed a 13-headed hydra
 13150 | Lair:2   | Reached XP level 12. HP: 60/101 MP: 11/11
 14198 | Lair:3   | Noticed a six-headed hydra
 14198 | Lair:3   | Noticed a four-headed hydra
 14211 | Lair:3   | Killed an 11-headed hydra
 14213 | Lair:3   | Killed a 12-headed hydra
 14639 | Lair:3   | Noticed a seven-headed hydra
 14650 | Lair:3   | Killed a 12-headed hydra
 14651 | Lair:3   | Reached skill level 5 in Dodging
 14796 | Lair:2   | Killed a death yak
 15033 | Lair:3   | Reached skill level 10 in Fighting
 15033 | Lair:3   | Reached skill level 10 in Armour
 15270 | Lair:3   | Killed a death yak
 15283 | Lair:3   | Killed a death yak
 15641 | Lair:4   | Noticed a seven-headed hydra
 15645 | Lair:4   | Killed a nine-headed hydra
 15646 | Lair:4   | Reached XP level 13. HP: 114/114 MP: 12/12
 17297 | Lair:4   | Reached ***** piety under Trog
 17392 | Lair:5   | Entered Level 5 of the Lair of Beasts
 17449 | Lair:5   | Identified the +0 plate armour of the Vacuum {rN++}
 17781 | Lair:5   | Found a viscous altar of Jiyva.
 17784 | Lair:5   | Found a staircase to the Slime Pits.
 18144 | Lair:5   | Received a gift from Trog
 18610 | Lair:5   | Reached XP level 14. HP: 122/129 MP: 13/13
 19253 | D:8      | Paralysed by a hornet for 1 turns
 20204 | D:10     | Entered Level 10 of the Dungeon
 20391 | D:10     | Found a white marble altar of Elyvilon.
 20578 | D:10     | Noticed Fannar
 20588 | D:10     | Killed Fannar
 20643 | D:10     | Found a hazy altar of Hepliaklqana.
 20723 | D:10     | Received a gift from Trog
 20790 | D:10     | Noticed an angel
 20792 | D:10     | Found a glowing silver altar of Zin.
 21115 | D:11     | Noticed Nergalle
 21135 | D:11     | Killed Nergalle
 21211 | D:11     | Found a runed translucent door.
 21211 | D:11     | Found a burning altar of Makhleb.
 21426 | D:11     | Found Gyzoydgh's Magic Scroll Shoppe.
 21740 | D:11     | Found a staircase to the Orcish Mines.
 21775 | D:11     | Reached skill level 15 in Fighting
 21775 | D:11     | Reached skill level 15 in Armour
 21943 | D:12     | Noticed Erolcha
 21948 | D:12     | Killed Erolcha
 21950 | D:12     | Noticed Sonja
 21953 | D:12     | Sonja changed into Sonja the naga
 21953 | D:12     | Noticed Sonja
 21957 | D:12     | Killed Sonja the naga
 23063 | D:13     | Found a shimmering altar of Xom.
 23064 | D:13     | Found a shimmering altar of Xom.
 23064 | D:13     | Found a shimmering altar of Xom.
 23064 | D:13     | Found a shimmering altar of Xom.
 23064 | D:13     | Found a shimmering altar of Xom.
 23064 | D:13     | Found a shimmering altar of Xom.
 23067 | D:13     | Found a shimmering altar of Xom.
 23067 | D:13     | Found a shimmering altar of Xom.
 23312 | D:13     | Reached skill level 1 in Evocations
 23348 | D:13     | Reached XP level 15. HP: 115/144 MP: 14/14
 23499 | D:13     | Found a shimmering blue altar of Sif Muna.
 23645 | D:13     | Identified the staff of cold "Xeceydgh" {rC+ Dex+3}
 23647 | D:13     | Identified the staff of earth "Fitic" {*Slow Str+7 Stlth+}
 23672 | D:13     | Noticed a tengu reaver
 23679 | D:13     | Killed a tengu reaver
 23972 | D:13     | Found Kaceamoc's Tiny Tomes.
 24528 | D:14     | You fall into a shaft and drop 1 floor!
 24528 | D:15     | Entered Level 15 of the Dungeon
 24544 | D:15     | Found an opulent altar of Gozag.
 24569 | D:15     | Noticed Jorgrun
 24586 | D:15     | Killed Jorgrun
 24586 | D:15     | Received a gift from Trog
 24587 | D:15     | Reached skill level 5 in Evocations
 25111 | D:15     | Found a staircase to the Depths.
 26043 | D:14     | Found a gate to the Vaults.
 26356 | D:14     | Reached skill level 10 in Throwing
 26366 | D:14     | Identified the +8 battleaxe of Accord {heavy, *Slow rElec
                  | rF+ Dex+8} (Trog gifted it to you on level 14 of the
                  | Dungeon)
 26366 | D:14     | Received a gift from Trog
 26915 | D:14     | Paralysed by a great orb of eyes for 2 turns
 26927 | D:14     | HP: 3/144 [ettin/+0 dire flail (35)]
 28109 | D:15     | Reached XP level 16. HP: 152/152 MP: 15/15
 28417 | Orc:1    | Entered Level 1 of the Orcish Mines
 28417 | Orc:1    | Found Jerogidino's Assorted Antiques.
 28431 | Orc:1    | Found Wirin's Antique Armour Emporium.
 28566 | Orc:2    | Entered Level 2 of the Orcish Mines
 28566 | Orc:2    | Noticed Donald
 28579 | Orc:2    | Killed Donald
 28753 | Orc:2    | Found a frozen archway.
 28773 | IceCv    | Entered an ice cave
 29028 | IceCv    | Identified the amulet "Rataudut" {Acrobat Regen+ Dex+8}
 29279 | IceCv    | Received a gift from Trog
 29443 | IceCv    | Identified the staff of cold "Durhuet" {rPois rC+ Int-3
                  | Dex+6}
 29582 | Orc:2    | Found a staircase to the Elven Halls.
 29658 | Orc:1    | Found Wyj Sanu's Weapon Shoppe.
 29823 | Orc:2    | Found a shimmering altar of Xom.
 30132 | Orc:2    | Found Bovvykhi's General Store.
 30132 | Orc:2    | Found Osuntu Goino's Antique Weapon Emporium.
 30133 | Orc:2    | Found Vicw's Magic Scroll Emporium.
 30133 | Orc:2    | Found Vyaqiy's Book Boutique.
 30141 | Orc:2    | Bought a scroll of blinking for 97 gold pieces
 30249 | Orc:1    | Reached ****** piety under Trog
 30257 | Orc:1    | Received a gift from Trog
 30321 | Orc:1    | Found Coov's General Store.
 30325 | Orc:1    | Found Jyox's Specific Store.
 30329 | Orc:1    | Bought a wand of paralysis (8) for 268 gold pieces
 30663 | Swamp:1  | Entered Level 1 of the Swamp
 30925 | Swamp:1  | Found a large runed translucent door.
 30926 | Swamp:1  | Found a large runed translucent door.
 30930 | Swamp:1  | Noticed suduhmizer's ghost (journeyman GnDe)
 31417 | Swamp:1  | Killed suduhmizer's ghost
 31564 | Swamp:2  | Reached XP level 17. HP: 161/168 MP: 16/16
 32235 | Swamp:3  | Received a gift from Trog
 32906 | Swamp:4  | Entered Level 4 of the Swamp
 33265 | Swamp:4  | Identified the +0 hat of Terrible Birdsong {-Cast Contam
                  | rElec Str+8}
 33391 | Swamp:4  | Received a gift from Trog
 33472 | Swamp:4  | Noticed the 27-headed Lernaean hydra
 33862 | Swamp:4  | Killed the 27-headed Lernaean hydra
 33895 | Swamp:4  | Got a decaying rune of Zot
 34092 | Snake:1  | Entered Level 1 of the Snake Pit
 34103 | Snake:1  | Found a runed translucent gate.
 34104 | Snake:1  | Found a runed translucent gate.
 34105 | Snake:1  | Found a runed translucent gate.
 34106 | Snake:1  | Noticed relicbr's ghost (adept SpDe)
 34205 | Snake:1  | Found Zowkanorch's Magic Scroll Emporium.
 34208 | Snake:1  | Bought 2 scrolls of fog for 136 gold pieces
 34525 | Snake:1  | Found Asuuc's Weapon Boutique.
 34583 | Snake:1  | Found Catojy's Armour Shop.
 34623 | Snake:1  | Found Jamnae Lehi's Jewellery Shop.
 34626 | Snake:1  | Found Loech's Book Emporium.
 34627 | Snake:1  | Found Wiveseoriu's Jewellery Shop.
 34633 | Snake:1  | Bought a ring of poison resistance for 320 gold pieces
 35006 | Snake:1  | Found Gutocan's Magic Scroll Emporium.
 35572 | Snake:2  | Reached XP level 18. HP: 178/178 MP: 17/17
 35886 | Snake:2  | Reached skill level 10 in Dodging
 36283 | Snake:3  | Noticed Aizul
 36290 | Snake:3  | Killed Aizul
 37049 | Snake:3  | Found Ranufiph's Book Shoppe.
 37054 | Snake:3  | Found Duozaimuyb's Jewellery Boutique.
 37054 | Snake:3  | Found Lofen's Weapon Emporium.
 37056 | Snake:3  | Found Zuolear's Jewellery Shoppe.
 37152 | Snake:3  | Bought 2 throwing nets for 90 gold pieces
 37577 | Snake:4  | Entered Level 4 of the Snake Pit
 37705 | Snake:4  | Received a gift from Trog
 38374 | Snake:4  | Noticed Vashnia
 38570 | Snake:4  | Received a gift from Trog
 38607 | Snake:4  | Killed Vashnia
 38672 | Snake:4  | Got a serpentine rune of Zot
 39011 | Vaults:1 | Entered Level 1 of the Vaults
 39212 | Vaults:1 | Reached XP level 19. HP: 180/185 MP: 18/18
 39449 | Vaults:1 | Found a runed translucent gate.
 39449 | Vaults:1 | Found a runed translucent gate.
 39449 | Vaults:1 | Found a runed translucent gate.
 39450 | Vaults:1 | Noticed ProzacElf's ghost (adept DsRe)
 39946 | Vaults:1 | Received a gift from Trog
 40088 | Vaults:1 | Found Pur Cem's Antique Weapon Emporium.
 40089 | Vaults:1 | Found Cuhu's Jewellery Shop.
 40230 | Vaults:1 | Bought a ring of see invisible for 315 gold pieces
 41315 | Vaults:2 | Received a gift from Trog
 42180 | Vaults:2 | Found Fuoxutuwn's Antique Armour Emporium.
 42737 | Vaults:3 | Reached XP level 20. HP: 179/198 MP: 19/19
 42797 | Vaults:3 | Received a gift from Trog
 42877 | Vaults:3 | Noticed Mennas
 42905 | Vaults:3 | Killed Mennas
 43573 | Vaults:3 | Found a staircase to the Crypt.
 43647 | Vaults:3 | Received a gift from Trog
 43736 | Vaults:3 | Noticed Xtahua
 43744 | Vaults:3 | Killed Xtahua
 44631 | Vaults:3 | Found Vymemoah's General Store.
 45057 | Vaults:4 | Received a gift from Trog
 45133 | Vaults:4 | Found Fimum's Distillery.
 45137 | Vaults:4 | Bought a potion of heal wounds for 55 gold pieces
 45137 | Vaults:4 | Bought a potion of cancellation for 88 gold pieces
 45681 | Vaults:4 | Found Leixam's Weapon Emporium.
 45711 | Vaults:4 | Reached XP level 21. HP: 211/211 MP: 6/20
 45724 | Vaults:4 | Received a gift from Trog
 45828 | Vaults:4 | Found Xowoeh's Weapon Emporium.
 46504 | Depths:1 | Entered Level 1 of the Depths
 46700 | Depths:1 | Found a gateway to Hell.
 46963 | Depths:1 | Identified the +6 shortbow "Qeujala" {flame, Str+4 Int+2
                  | Dex-5}
 47996 | Depths:2 | Identified the +5 war axe "Grim Tooth" {heavy, SInv} (Trog
                  | gifted it to you on level 2 of the Depths)
 47996 | Depths:2 | Received a gift from Trog
 48016 | Depths:2 | Found a corrupted altar of Lugonu.
 48283 | Depths:2 | Identified the +0 pair of gloves of Past Mistakes {Harm
                  | SInv}
 48448 | Depths:2 | Found a hide-covered altar of Uskayaw.
 48582 | Depths:2 | Found a one-way gate leading to the halls of Pandemonium.
 48836 | Depths:2 | Noticed a caustic shrike
 48978 | Depths:3 | Received a gift from Trog
 49283 | Depths:3 | Found a one-way gate to the infinite horrors of the Abyss.
 49572 | Depths:3 | Reached XP level 22. HP: 220/226 MP: 7/21
 49774 | Depths:3 | Received a gift from Trog
 49792 | Depths:3 | Noticed a golden dragon
 49792 | Depths:3 | Noticed a caustic shrike
 49802 | Depths:3 | Killed a golden dragon
 49802 | Depths:3 | Noticed a caustic shrike
 49810 | Depths:3 | Killed a caustic shrike
 49814 | Depths:3 | Noticed a golden dragon
 49820 | Depths:3 | Killed a golden dragon
 49827 | Depths:3 | Killed a caustic shrike
 49841 | Depths:3 | Identified the +2 leather armour "Ikeacvoa" {Fly rPois
                  | Str-5}
 50046 | Depths:4 | Entered Level 4 of the Depths
 50200 | Depths:4 | Found a one-way gateway to a ziggurat.
 50205 | Depths:4 | Noticed a juggernaut
 50212 | Depths:4 | Killed a juggernaut
 50891 | Depths:4 | Identified the +8 executioner's axe "Inaiclal" {antimagic,
                  | Stlth+} (Trog gifted it to you on level 4 of the Depths)
 50891 | Depths:4 | Received a gift from Trog
 51136 | Depths:4 | Noticed a golden dragon
 51160 | Depths:4 | Killed a golden dragon
 51236 | Depths:4 | Found a gate to the Realm of Zot.
 51719 | Snake:3  | Bought the ring "Yxeditar" {Fire rElec rCorr} for 535 gold
                  | pieces
 52041 | Elf:1    | Entered Level 1 of the Elven Halls
 52127 | Elf:1    | Found a runed translucent gate.
 52128 | Elf:1    | Found a runed translucent gate.
 52128 | Elf:1    | Found a runed translucent gate.
 52274 | Elf:1    | Found Hothrey's Distillery.
 52283 | Elf:1    | Bought a potion of haste for 190 gold pieces
 53289 | Elf:1    | Reached skill level 27 in Fighting
 53297 | Elf:1    | Reached skill level 27 in Armour
 53328 | Elf:1    | Found a runed translucent gate.
 53328 | Elf:1    | Found a runed translucent gate.
 53335 | Elf:1    | Noticed Inken's ghost (journeyman GnFi)
 53336 | Elf:1    | Found a runed translucent gate.
 53408 | Elf:2    | Received a gift from Trog
 53533 | Elf:2    | Reached XP level 23. HP: 240/240 MP: 7/22
 53702 | Elf:2    | Found a runed translucent gate.
 53702 | Elf:2    | Found a runed translucent gate.
 53704 | Elf:2    | Found a runed translucent gate.
 53832 | Abyss:2  | Found a radiant altar of Vehumet.
 53832 | Abyss:2  | Cast into level 2 of the Abyss (+5 war axe of distortion)
 53875 | Abyss:2  | Paralysed by an air elemental for 1 turns
 53918 | Abyss:2  | Received a gift from Trog
 53968 | Elf:2    | Escaped the Abyss
 54325 | Elf:3    | Entered Level 3 of the Elven Halls
 54394 | Elf:3    | Reached skill level 10 in Evocations
 54523 | Elf:3    | Received a gift from Trog
 54550 | Elf:3    | Found a shimmering blue altar of Sif Muna.
 54807 | Elf:3    | Found Ulyreof's Antique Armour Shop.
 54822 | Elf:3    | Bought a pair of embroidered gloves for 255 gold pieces
 55438 | Elf:3    | Found a shimmering blue altar of Sif Muna.
 55576 | Elf:3    | Found Ulyreof's Antique Armour Shop.
 55969 | Elf:3    | Identified the +8 arbalest of the Brewing Gods {drain,
                  | Contam rPois Dex+8}
 55984 | Elf:3    | Identified the ring of Roifam {+Blink rC+ EV+5}
 56080 | Elf:3    | Received a gift from Trog
 56119 | Elf:3    | Identified the staff of earth "Seotsuar" {rElec Str+4}
 56163 | Elf:3    | Identified the staff of death "Pima" {rN+ Int+4}
 56172 | Elf:3    | Identified the +6 quarterstaff of Benevolence {holy, rElec
                  | rCorr}
 56172 | Elf:3    | Identified the +5 scale mail of Loat {rPois rF++ MP+9
                  | Int-4}
 56415 | Elf:3    | Identified the amulet "Gohirorae" {Spirit rC++ Will+ Dex+6}
 56451 | Elf:3    | Identified the scarf "Buleg" {repulsion, MP-9 Str+7}
 56502 | Elf:3    | Identified the +0 scale mail of Jewkon {rPois}
 57095 | Vaults:5 | Entered Level 5 of the Vaults
 57101 | Vaults:5 | Reached skill level 15 in Dodging
 57230 | Vaults:5 | Noticed Bai Suzhen
 57248 | Vaults:5 | Killed Bai Suzhen
 57337 | Vaults:5 | Noticed an ancient lich
 57349 | Vaults:5 | Killed an ancient lich
 57351 | Vaults:5 | Noticed Frederick
 57362 | Vaults:5 | Killed Frederick
 57372 | Vaults:5 | Identified the +3 lajatang "Myffeera" {holy, rC+ Stlth+}
 57381 | Vaults:5 | Received a gift from Trog
 57589 | Vaults:5 | Reached XP level 24. HP: 241/241 MP: 7/22
 57619 | Vaults:5 | Noticed a dread lich
 57632 | Vaults:5 | Killed a dread lich
 57705 | Vaults:5 | Identified the +1 mace "Newt's Foe" {flame, Int+4 Stlth+}
 57726 | Vaults:5 | Paralysed by a floating eye for 2 turns
 57938 | Vaults:5 | Identified the +9 mace of Weak Tender Mercy {flame, Will+
                  | Dex-2 SInv}
 57969 | Vaults:5 | Received a gift from Trog
 58170 | Vaults:5 | Identified the +9 battleaxe of Unreason {elec, rPois Dex+5}
 58254 | Vaults:5 | Noticed Mara
 58263 | Vaults:5 | Killed Mara
 58441 | Vaults:5 | Identified the +6 dagger of Ragnarok {speed, Str+4}
 58535 | Vaults:5 | Got a silver rune of Zot
 59270 | Slime:1  | Entered Level 1 of the Pits of Slime
 59285 | Slime:2  | Gained mutation: You are frail. (-10% HP) [a shining eye]
 59289 | Slime:2  | Gained mutation: Your spells are a little easier to cast,
                  | but a little less powerful. [a shining eye]
 59403 | Slime:5  | Entered Level 5 of the Pits of Slime
 59600 | Slime:4  | Received a gift from Trog
 59711 | Slime:5  | Noticed the Royal Jelly
 59794 | Slime:4  | Found a viscous altar of Jiyva.
 59947 | Slime:5  | Killed the Royal Jelly
 60128 | Slime:5  | Found the +10 zealot's sword {holy, Zealotry, *Rage rN+
                  | EV+3}
 60147 | Slime:5  | Identified the +7 halberd "Oniliroi" {vamp, rC+}
 60168 | Slime:5  | Got a slimy rune of Zot
 60181 | Slime:5  | Identified the staff of poison "Zixyib" {Contam rPois Str+3
                  | Dex+2}
 60182 | Slime:5  | Identified the ring "Penoshri" {rC- Will+ AC+4 SInv}
 60237 | Slime:5  | Identified the ring "Juwiotz" {Fire Dex+3}
 60238 | Slime:5  | Identified the staff of earth "Pagifiov" {rF+ Dex+2}
 60861 | Zot:1    | Entered Level 1 of the Realm of Zot
 61946 | Zot:2    | You fall into a shaft and drop 1 floor!
 62091 | Zot:2    | Found the +3 greatsling "Punk" {acid, rCorr}
 62096 | Zot:2    | Noticed Lightli's ghost (veteran TrCK)
 62100 | Zot:2    | Found a transporter.
 62103 | Zot:2    | Found a transporter.
 62492 | Zot:3    | Received a gift from Trog
 62568 | Zot:3    | Reached XP level 25. HP: 231/231 MP: 7/22
 63689 | Zot:4    | Found a transporter.
 64019 | Zot:4    | Noticed an orb of fire
 64123 | Zot:4    | Found a transporter.
 64170 | Zot:4    | Gained mutation: You do not regenerate when monsters are
                  | visible. [an orb of fire]
 64190 | Zot:4    | Killed an orb of fire
 64213 | Zot:4    | Received a gift from Trog
 64300 | Zot:4    | Noticed a Killer Klown
 64319 | Zot:4    | Killed a Killer Klown
 64343 | Zot:4    | Identified the orb "Axyedd" {light, *Corrode Dex+4}
 64444 | Zot:4    | Identified the +6 mace of Ypruag {heavy, *Rage rElec rN++
                  | Dex+2}
 64654 | Zot:5    | Entered Level 5 of the Realm of Zot
 65025 | Zot:5    | Found Malo's Changing Room.
 65046 | Zot:5    | Lost mutation: Your spells are a little easier to cast, but
                  | a little less powerful. [potion of mutation]
 65046 | Zot:5    | Lost mutation: You are frail. (-10% HP) [potion of
                  | mutation]
 65046 | Zot:5    | Lost mutation: You do not regenerate when monsters are
                  | visible. [potion of mutation]
 65046 | Zot:5    | Gained mutation: You have hidden genetic potential. [potion
                  | of mutation]
 65046 | Zot:5    | Gained mutation: Your mind is acute. (Int +4, Str/Dex -1)
                  | [potion of mutation]
 65046 | Zot:5    | Lost mutation: Your mind is acute. (Int +4, Str/Dex -1)
                  | [potion of mutation]
 65530 | Zot:5    | Noticed a dread lich
 65582 | Zot:5    | Killed a dread lich
 65617 | Zot:5    | Noticed an ancient lich
 65635 | Zot:5    | Killed an ancient lich
 65665 | Zot:5    | Noticed a Killer Klown
 65673 | Zot:5    | Noticed an orb of fire
 65702 | Zot:5    | Killed an orb of fire
 65720 | Zot:5    | Noticed an orb of fire
 65720 | Zot:5    | Gained mutation: You occasionally lose the ability to drink
                  | potions when taking damage. [an orb of fire]
 65731 | Zot:5    | Killed an orb of fire
 65753 | Zot:5    | Killed a Killer Klown
 65855 | Zot:5    | Lost mutation: You have hidden genetic potential. [potion
                  | of mutation]
 65855 | Zot:5    | Lost mutation: You occasionally lose the ability to drink
                  | potions when taking damage. [potion of mutation]
 65855 | Zot:5    | Gained mutation: You possess an exceptional clarity of
                  | mind. [potion of mutation]
 65855 | Zot:5    | Gained mutation: Your spells are a little harder to cast,
                  | but a little more powerful. [potion of mutation]
 65889 | Zot:5    | Noticed a Killer Klown
 65898 | Zot:5    | Killed a Killer Klown
 65970 | Zot:5    | Reached skill level 15 in Evocations
 65970 | Zot:5    | Reached XP level 26. HP: 231/266 MP: 8/22
 66164 | Zot:5    | Noticed an ancient lich
 66170 | Zot:5    | Killed from afar by an ancient lich

Illustrated notes

Levels and vault maps discovered:
D:1:      dreamdust_arrival_sigmund_warning, layout_loops_ring,
          shapermc_ecumenical_altar_gd, minmay_pentomino_t2
D:2:      layout_loops_ring, grunt_ministairs_7
D:3:      layout_rooms, kennysheep_okawaru_gauntlet,
          gammafunk_ghost_nasty_kobolds, serial_shops,
          nicolae_shop_window_shopping, st_stairs_1, grunt_decor_one_mirror,
          uniq_crazy_yiuf_cottage, uniq_robin, uniq_terence
D:4:      layout_basic, grunt_qazlal_clouds, overflow_temple_1_default,
          gup_ossuary_entry_pyramid
D:5:      layout_basic, nicolae_overflow_hidden_temple, uniq_duvessa
D:6:      layout_basic, minmay_temple_entry_ruins,
          amcnicky_mini_corridor_feature, chequers_decorated_corner,
          minmay_holes, hangedman_decor_growths
D:7:      layout_cave_pods, fedhas_altar_1
D:8:      layout_basic, mainiacjoe_overflow_paths, david_lair_shrubbed,
          hangedman_misty_isle
D:9:      layout_basic, serial_bayou, serial_bayou_pond_c, serial_bayou_ford_a,
          serial_bayou_pond_b, serial_bayou_pond_b
D:10:     layout_roguey, zin_angel, elyvilon_altar_4, kennysheep_mini_moat,
          uniq_fannar
D:11:     layout_basic, kennysheep_orc_monster_closet_entryway, serial_shops,
          shop, nzn_makhleb_speed_demon, uniq_nergalle
D:12:     layout_loops_cross, minmay_misc_feat_encased, uniq_sonja, uniq_erolcha
D:13:     evilmike_library_of_no_secrets, layout_basic, serial_co_window_serial,
          co_window_paths_a, co_window_paths_a, co_window_corner_a,
          co_window_corner_a, co_window_paths_b, co_window_corner_ca,
          co_window_cross_3, glass_columns_a, glass_columns_a, glass_columns_a,
          glass_columns_a, nicolae_shop_i_like_small_books_too, xom_shifter_show
D:14:     nzn_winding_woodlands_large [nzn_winding_woodlands_5x5_closed_star,
          nzn_winding_woodlands_5x15_concentric,
          nzn_winding_woodlands_5x5_perimeter,
          nzn_winding_woodlands_center_diamonds,
          nzn_winding_woodlands_15x15_five_gardens,
          nzn_winding_woodlands_center_triple_pond,
          nzn_winding_woodlands_5x5_checkerboard,
          nzn_winding_woodlands_5x15_parted, nzn_winding_woodlands_hourglass],
          layout_rooms, david_vaults_1
D:15:     hangedman_depths_entry_civil_slaughter, layout_loops_corners,
          grunt_gozag_breadcrumbs, uniq_jorgrun
Temple:   cyrus_circular_temple
Lair:1:   dragon1_lemuel, layout_regular_city, grunt_megastairs_5
Lair:2:   layout_gridlike, palyth_hydra_swamp_entry,
          minmay_snake_entry_guardpost_small, chequers_serial_rivers_micro_b,
          forest_entry_grove
Lair:3:   layout_cave_pods, special_room [special_room_mythical_zoo],
          serial_bayou_shore_b, infiniplex_staircase_pool_2
Lair:4:   dreamdust_isle_of_ice, layout_layer_cave, beast_lair_carwin_2
Lair:5:   minmay_lair_end_enchanted_forest, layout_hall_layers,
          minmay_slime_entry_pillars, lemuel_fruit_fields
Swamp:1:  nicolae_swamp_decorative_isthmus, layout_basic_swamp,
          ebering_ghost_disaster_area, nicolae_swamp_dense_foliage
Swamp:2:  layout_basic_swamp, evilmike_swamp_ruin_house_4
Swamp:3:  layout_basic_swamp, hangedman_swamp_ruin_wall
Swamp:4:  grunt_swamp_rune_castle, layout_basic_swamp, swamp_pool3,
          hangedman_swamp_ruin_hall
Snake:1:  layout_chambers, gammafunk_ghost_split, serial_shops, shop, shop,
          shop, nicolae_shop_real_fake_doors, lemuel_fruit_tree,
          minmay_shop_grove
Snake:2:  nicolae_snake_attic_fulla_snakes, layout_gridlike
Snake:3:  layout_cave_town, nicolae_wooded_promenade, uniq_aizul
Snake:4:  hellmonk_snake_rune_quicksilver_temple, layout_cave_town, st_stairs_1,
          serial_bayou_shore_a, uniq_vashnia
Slime:1:  layout_caves
Slime:2:  layout_caves, nicolae_slime_crime_time
Slime:3:  layout_caves
Slime:4:  layout_caves, basic_altar
Slime:5
Orc:1:    layout_caves, serial_shops, shop, shop, shop, nicolae_specific_store
Orc:2:    st_orc_ogre_mass, layout_caves, portal_ice_cave_demonic_guard,
          basic_altar, nicolae_orc_lost_temple, uniq_donald
Elf:1:    nicolae_elf_arrival_no_cutting_in_line, layout_onion_city,
          ploomutoo_gammafunk_ghost_potion_laboratory, serial_shops, shop,
          hangedman_elven_crosses_minicolossus
Elf:2:    elven_hall_of_blades_hangedman_original
          [nicolae_blade_entry_pointy_end], layout_gridlike
Elf:3:    minmay_elf_hall_x, layout_geoelf_castle, serial_shops, shop,
          basic_altar, guppyfry_elf_garden
Vaults:1: gammafunk_ghost_spectres, vaults_room_boxed,
          nicolae_vaults_diagonal_hallway_7,
          nicolae_vaults_shipping_containers_5,
          nicolae_vaults_closet_pinwheel_2, nicolae_vaults_apartment_1,
          nicolae_vaults_lightning_bolt, ontoclasm_vaults_eye, v_misc_27,
          nicolae_vaults_ninety_degrees, ontoclasm_vaults_loading_screen,
          nicolae_vaults_weapon_check, nicolae_vaults_tetromino_T_1,
          nicolae_vaults_tangram_2, v_misc_19, v_misc_14, layout_vaults_maze,
          serial_shops, shop, nicolae_shop_crystal
Vaults:2: nicolae_vaults_network_square, vaults_mumra_minichess,
          nicolae_vaults_gold_heap, v_alt_pattern_5,
          nicolae_vaults_network_quinsquares
          [nicolae_vaults_network_quincunx_subvault,
          nicolae_vaults_network_quincunx_subvault,
          nicolae_vaults_network_quincunx_subvault,
          nicolae_vaults_network_quincunx_subvault], v_misc_24,
          nicolae_vaults_asterisk, vaults_dpeg_ring, layout_vaults_ring,
          serial_shops, shop
Vaults:3: hangedman_vaults_variations, nicolae_vaults_stepped_doors,
          minmay_crypt_entry_skeletal_spiral, nicolae_vaults_layer_cake_slice,
          v_pattern_1, layout_vaults_chaotic_city, serial_shops, shop,
          uniq_xtahua, uniq_mennas
Vaults:4: nicolae_vaults_trapezoid_lopsided_1, nicolae_vaults_more_shelving_2,
          nicolae_vaults_fighting_squares, nicolae_vaults_what_the_h,
          nicolae_vaults_steering_wheel, ontoclasm_vaults_fault,
          nicolae_vaults_storage_room_doors, v_pattern_4,
          nicolae_vaults_door_testing_chamber, v_misc_18,
          nicolae_vaults_offset_grid_hallway_1, nicolae_vaults_double_plus_1,
          nicolae_vaults_offset_grid_hallway_3, nicolae_vaults_diamond_1,
          layout_vaults_omnicross, serial_shops, shop, shop,
          nicolae_shop_bloodbath_and_beyond
Vaults:5: uniq_bai_suzhen, uniq_mara, uniq_frederick
Depths:1: layout_basic, lightli_too_deep, hangedman_decor_riveting,
          kennysheep_generic_room_2, serial_bayou_shore_b
Depths:2: lemuel_traditional_vault, layout_cave_pools, rand_demon_pan_entry_8,
          hell_entry, nicolae_uskayaw_suspiria, tgw_lugonu_bribe
Depths:3: minmay_the_grid_triangle_9x9_rhombus_full
          [minmay_the_grid_triangle_9x9_longest,
          minmay_the_grid_triangle_9x9_alien,
          minmay_the_grid_triangle_9x9_cache,
          minmay_the_grid_triangle_9x9_windchime,
          minmay_the_grid_triangle_9x9_thin_v,
          minmay_the_grid_triangle_9x9_skeleton,
          minmay_the_grid_triangle_9x9_wacky_v,
          minmay_the_grid_triangle_9x9_prize_insulated], layout_cave_pools,
          minmay_misc_feat_x, abyss_entry, hell_entry
Depths:4: grunt_zot_entry_tricorne, layout_small_grid, enter_ziggurat_d,
          grunt_hell_entry_dis_grunt, serial_glass, glass_columns_c,
          glass_columns_a, glass_columns_a, glass_columns_c,
          due_unseen_surprise, minmay_strange_pillars
Zot:1:    layout_twisted_circle
Zot:2:    layout_onion_interference, gammafunk_ghost_arena
Zot:3:    layout_onion_interference
Zot:4:    gammafunk_sealed_arena, layout_misc_corridors, grunt_megastairs_1
Zot:5:    layout_basic, hangedman_zot_decor_tridents,
          nicolae_transmutations_shop

Skill      XL: |  1  2  3  4  5  6  7  8  9 10 11 12 13 14 15 16 17 18 19 20 21 22 23 24 25 |
---------------+----------------------------------------------------------------------------+-----
Axes           | 4 5 6 7 9 13 15 16 19 20 22 24 25 | 25.0
Fighting       | 4 7 8 10 13 16 19 20 21 23 25 27 | 27.0
Armour         | 3 5 6 7 8 10 13 16 17 20 21 23 25 27 | 27.0
Throwing       | 4 6 10 12 | 12.0
Dodging        | 4 6 8 9 13 14 17 21 24 | 24.0
Evocations     | 2 7 12 15 | 15.3

Action                     |  1- 3 |  4- 6 |  7- 9 | 10-12 | 13-15 | 16-18 | 19-21 | 22-24 | 25-27 || total
---------------------------+-------+-------+-------+-------+-------+-------+-------+-------+-------++-------
  Melee: Hand axe          |    58 |   202 |   149 |       |       |       |       |       |       ||   409
         Headbutt          |     8 |    40 |    54 |   110 |   215 |   309 |   389 |   344 |   102 ||  1571
         Punch             |       |     2 |     4 |     4 |       |       |       |       |       ||    10
         War axe           |       |       |   107 |   209 |       |       |       |       |       ||   316
         Battleaxe         |       |       |       |   293 |  1139 |  1149 |   432 |       |       ||  3013
         Executioner's axe |       |       |       |       |       |       |   789 |  1218 |   354 ||  2361
  Throw: Stone             |     9 |     2 |       |       |       |       |       |       |       ||    11
         Dart              |       |    11 |    12 |       |    13 |       |     1 |       |       ||    37
         Boomerang         |       |       |       |     4 |     6 |     6 |       |    21 |    14 ||    51
         Javelin           |       |       |       |       |       |     3 |       |     6 |       ||     9
         Throwing net      |       |       |       |       |       |       |       |     1 |       ||     1
 Invoke: Berserk           |     3 |     5 |     9 |    21 |    12 |     7 |     2 |     1 |       ||    60
         Trog's Hand       |       |       |     1 |     3 |    10 |     5 |    10 |     6 |       ||    35
         Brothers in Arms  |       |       |       |     1 |     3 |     3 |       |     1 |       ||     8
  Evoke: Wand              |       |       |       |     3 |    16 |     4 |       |     2 |       ||    25
    Use: Scroll            |       |     3 |    10 |     5 |    12 |     3 |     2 |    24 |     2 ||    61
         Potion            |       |       |       |     1 |     3 |     1 |     2 |     6 |     5 ||    18
   Stab: Distracted        |       |       |       |       |     1 |       |       |       |     1 ||     2
         Confused          |       |       |       |       |       |     1 |       |       |       ||     1
 Armour: Ring mail         |    11 |    13 |       |       |       |       |       |       |       ||    24
         Animal skin       |     1 |       |       |       |       |       |       |       |       ||     1
         Chain mail        |       |    69 |   101 |   175 |    43 |   296 |   190 |       |       ||   874
         Plate armour      |       |       |       |       |   346 |    72 |   219 |    35 |       ||   672
         Gold dragon scale |       |       |       |       |       |       |       |   570 |   162 ||   732
  Dodge: Dodged            |    28 |    79 |    70 |   264 |   732 |   976 |   907 |  1001 |   420 ||  4477
